 Dungeon Crawl Stone Soup version 0.27.0-1-g7a08968 (webtiles) character file.

Game seed: 2659832135250514430

532 GeorgeSoros the Ducker (level 7, -3/54 HPs)
             Began as a Gnoll Monk on Aug 13, 2021.
             Was an Elder of Hepliaklqana.
             Killed by nerve-wracking pain
             ... invoked by Menkaure
              (11 damage)
             ... on level 4 of the Dungeon.
             The game lasted 00:12:20 (3910 turns).

GeorgeSoros the Ducker (Gnoll Monk)                 Turns: 3910, Time: 00:12:21

Health: -3/54      AC:  6    Str: 11    XL:     7   Next: 24%
Magic:  10/10      EV: 13    Int: 11    God:    Hepliaklqana [****..]
Gold:   282        SH:  0    Dex: 14    Spells: 10/10 levels left

rFire    . . .     SeeInvis .   t - +1 dagger (holy)
rCold    . . .     Faith    .   (no shield)
rNeg     . . .     Spirit   .   e - +1 ring mail
rPois    +         Reflect  .   (no helmet)
rElec    .         Harm     .   (no cloak)
rCorr    .         Rampage  .   (no gloves)
Will     .....                  (no boots)
Stlth    ++........             i - amulet of magic regeneration
HPRegen  0.18/turn              g - ring of poison resistance
MPRegen  0.37/turn              (no ring)

@: no status effects
A: reduced essence, fangs 1, strong nose, distributed training
a: Renounce Religion, Recall Ancestor, Ancestor Identity, Transference, Idealise


You were on level 4 of the Dungeon.
You worshipped Hepliaklqana.
Hepliaklqana was greatly pleased with you.
You visited 2 branches of the dungeon, and saw 5 of its levels.

You collected 282 gold pieces.

Inventory:

Hand Weapons
 a - a +0 spear
 h - a +4 short sword
 m - a +2 dagger of venom
 t - a +1 dagger of holy wrath (weapon)
Armour
 b - a +0 robe
 c - a +0 chain mail
 e - a +1 ring mail (worn)
Jewellery
 g - a ring of poison resistance (left hand)
 i - an amulet of magic regeneration (around neck)
Wands
 j - a wand of polymorph (3)
Scrolls
 f - a scroll of enchant armour
 k - a scroll of summoning
 q - a scroll of teleportation
 r - a scroll of fear {unknown}
Potions
 d - a potion of curing {unknown}
 l - a potion of attraction {unknown}
 n - 5 potions of lignification {unknown}
 o - a potion of haste {unknown}
 p - a potion of degeneration {unknown}
 s - a potion of flight {unknown}


   Skills:
 + Level 7.0 Fighting
 + Level 2.3 Short Blades
 + Level 2.3 Long Blades
 + Level 2.3 Axes
 + Level 2.3 Maces & Flails
 + Level 7.0 Polearms
 + Level 2.3 Staves
 + Level 2.3 Slings
 + Level 2.3 Bows
 + Level 2.3 Crossbows
 + Level 2.3 Throwing
 + Level 2.3 Armour
 + Level 7.0 Dodging
 + Level 4.8 Stealth
 + Level 2.3 Shields
 + Level 2.3 Unarmed Combat
 + Level 2.3 Spellcasting
 + Level 1.9 Conjurations
 + Level 1.9 Hexes
 + Level 1.9 Summonings
 + Level 1.9 Necromancy
 + Level 1.9 Translocations
 + Level 1.9 Transmutations
 + Level 1.9 Fire Magic
 + Level 1.9 Ice Magic
 + Level 1.9 Air Magic
 + Level 1.9 Earth Magic
 + Level 1.9 Poison Magic
 + Level 2.6 Invocations
 + Level 2.3 Evocations


You had 10 spell levels left.
You didn't know any spells.
Your spell library contained the following spells:

 Spells                   Type           Power      Damage    Failure   Level
 Passwall                 Tmut/Erth      4%         N/A       41%         2
 Swiftness                Air            5%         N/A       65%         3
 Invisibility             Hex            2%         N/A       100%        6


Dungeon Overview and Level Annotations

Branches:
Dungeon (4/15)             Temple (1/1) D:4

Altars:
Dithmenos
Hepliaklqana
Ru
Sif Muna
Vehumet

Shops:
D:4 [

Annotations:
D:4 Menkaure


Innate Abilities, Weirdness & Mutations

Your life essence is reduced to manifest your ancestor. (-10% HP)
You have very sharp teeth.
Your uncanny sense of smell can sniff out nearby items.
Your experience applies equally to all skills.


Message History

g - Guard the area. f - Follow me.
Anything else - Cancel.
Gang up on whom?
Press: ? - help, Dir - move target, f - Menkaure
Aim: Menkaure Attack!
Menkaure mumbles some strange words.
Menkaure seems to speed up.
You pick up a book of Burglary and begin reading...
You add the spells Passwall, Swiftness and Invisibility to your library.
Okay, then.
Okay, then.
Menkaure closely misses Kendra.
You see here a +1 dagger of holy wrath.
t - a +1 dagger of holy wrath Kendra gestures at Menkaure while chanting.
Menkaure resists with some effort.
Menkaure hits Kendra!
Your +1 dagger of holy wrath softly glows with a divine radiance!
t - a +1 dagger of holy wrath (weapon)
Kendra hits Menkaure with a +0 dagger of draining!
Menkaure hits Kendra!
Kendra hits Menkaure with a +0 dagger of draining.
Menkaure says, "Why can't you leave me to my rest?"
Menkaure closely misses Kendra.
Kendra barely misses Menkaure.
Menkaure calls on the powers of darkness!
Your body is wracked with pain!
Kendra hits Menkaure but does no damage.
Menkaure closely misses you.
Kendra hits Menkaure with a +0 dagger of draining.
You hit Menkaure but do no damage.
Menkaure is almost destroyed.
Menkaure hits you!!
* * * LOW HITPOINT WARNING * * *
Kendra barely misses Menkaure.
You hit Menkaure but do no damage. You bite Menkaure, but do no damage.
Menkaure is almost destroyed.
Menkaure casts a spell at you. Pain shoots through your body!
You die...

#.# .#.......#.
#.###.#.##.##.#.
#####.....#.........
#.###...........##.##.##
..)............##......
####...........#####.##
##..............[..#
#......######.######
#...@..# #..RM..#
#......# #...[..#
#......# #......#
#......# #.......


You could see the friendly Kendra the hexer and Menkaure (fast, ally target).

Vanquished Creatures
  Grinder (D:4)
  An ogre (D:4)
  Terence (D:2)
  2 adders
  A dart slug (D:4)
  2 orcs (D:4)
  12 endoplasms
  A giant cockroach (D:1)
  8 goblins
  5 hobgoblins
  2 jackals (D:1)
  2 quokkas
  5 ball pythons
  6 bats
  2 frilled lizards
  6 kobolds
  4 rats
61 creatures vanquished.

Vanquished Creatures (collateral kills)
  An ogre (D:4)
  An orc priest (D:4)
  An adder (D:3)
  A worm (D:2)
  2 orcs (D:4)
  2 bats
  An endoplasm (D:4)
  A goblin (D:4)
  A hobgoblin (D:2)
  A quokka (D:2)
12 creatures vanquished.

Vanquished Creatures (others)
  2 hexers
  3 toadstools (D:2)
5 creatures vanquished.

Grand Total: 78 creatures vanquished

Notes
Turn   | Place    | Note
-------+----------+-------------------------------------------
     0 | D:1      | GeorgeSoros the Gnoll Monk began the quest for the Orb.
     0 | D:1      | Reached XP level 1. HP: 23/23 MP: 1/1
   125 | D:1      | Reached XP level 2. HP: 26/29 MP: 2/2
   275 | D:1      | Found a faded altar of an unknown god.
   285 | D:1      | Became a worshipper of Hepliaklqana the Forgotten
   285 | D:1      | Reached * piety under Hepliaklqana
   285 | D:1      | Reached ** piety under Hepliaklqana
   286 | D:1      | Remembered your ancestor Kendra as a hexer
   692 | D:1      | Reached *** piety under Hepliaklqana
   717 | D:1      | Reached XP level 3. HP: 31/31 MP: 3/3
  1009 | D:2      | Reached skill level 1 in Invocations
  1197 | D:2      | Noticed Terence
  1221 | D:2      | Killed Terence
  1222 | D:2      | Reached skill level 1 in Short Blades
  1222 | D:2      | Reached skill level 1 in Long Blades
  1222 | D:2      | Reached skill level 1 in Axes
  1222 | D:2      | Reached skill level 1 in Maces & Flails
  1222 | D:2      | Reached skill level 1 in Staves
  1222 | D:2      | Reached skill level 1 in Slings
  1222 | D:2      | Reached skill level 1 in Bows
  1222 | D:2      | Reached skill level 1 in Crossbows
  1222 | D:2      | Reached skill level 1 in Throwing
  1222 | D:2      | Reached skill level 1 in Armour
  1222 | D:2      | Reached skill level 1 in Shields
  1222 | D:2      | Reached skill level 1 in Unarmed Combat
  1222 | D:2      | Reached skill level 1 in Spellcasting
  1222 | D:2      | Reached skill level 1 in Evocations
  1222 | D:2      | Reached XP level 4. HP: 30/36 MP: 5/5
  2070 | D:3      | Reached skill level 1 in Conjurations
  2070 | D:3      | Reached skill level 1 in Hexes
  2070 | D:3      | Reached skill level 1 in Summonings
  2070 | D:3      | Reached skill level 1 in Necromancy
  2070 | D:3      | Reached skill level 1 in Translocations
  2070 | D:3      | Reached skill level 1 in Transmutations
  2070 | D:3      | Reached skill level 1 in Fire Magic
  2070 | D:3      | Reached skill level 1 in Ice Magic
  2070 | D:3      | Reached skill level 1 in Air Magic
  2070 | D:3      | Reached skill level 1 in Earth Magic
  2070 | D:3      | Reached skill level 1 in Poison Magic
  2451 | D:3      | Found a shadowy altar of Dithmenos.
  2451 | D:3      | Found a shimmering blue altar of Sif Muna.
  2458 | D:3      | Found a sacrificial altar of Ru.
  2460 | D:3      | Found a radiant altar of Vehumet.
  2462 | D:3      | Found a faded altar of an unknown god.
  2637 | D:4      | Noticed Grinder
  3029 | D:4      | Reached **** piety under Hepliaklqana
  3093 | D:4      | Noticed an ogre
  3110 | D:4      | Killed an ogre
  3111 | D:4      | Reached XP level 5. HP: 25/42 MP: 5/7
  3282 | D:4      | Found Parewim's Armour Shop.
  3423 | D:4      | Noticed an ogre
  3429 | D:4      | Killed an ogre
  3430 | D:4      | Reached XP level 6. HP: 37/47 MP: 8/8
  3459 | D:4      | Killed Grinder
  3460 | D:4      | Reached XP level 7. HP: 17/53 MP: 8/10
  3745 | D:4      | Found a staircase to the Ecumenical Temple.
  3786 | Temple   | Entered the Ecumenical Temple
  3898 | D:4      | Noticed Menkaure
  3910 | D:4      | Killed from afar by Menkaure

Illustrated notes

Levels and vault maps discovered:
D:1:      dpeg_arrival_pits, layout_basic, hellmonk_ecumenical_altar_crossroads,
          kennysheep_doodads
D:2:      layout_loops_ring, minmay_gold_behind_fungi, uniq_terence
D:3:      layout_basic, chequers_temple_overflow_minitemple,
          minmay_misc_feat_pillars, kennysheep_generic_room_14
D:4:      layout_basic, minmay_temple_entry_ruins, serial_shops, shop,
          st_stairs_12, uniq_robin, uniq_grinder, uniq_menkaure
Temple:   jpeg_temple_island

Skill      XL: |  1  2  3  4  5  6  7 |
---------------+----------------------+-----
Invocations    | 1 2 |  2.6
Short Blades   | 1 2 |  2.3
Long Blades    | 1 2 |  2.3
Axes           | 1 2 |  2.3
Maces & Flails | 1 2 |  2.3
Staves         | 1 2 |  2.3
Slings         | 1 2 |  2.3
Bows           | 1 2 |  2.3
Crossbows      | 1 2 |  2.3
Throwing       | 1 2 |  2.3
Armour         | 1 2 |  2.3
Shields        | 1 2 |  2.3
Unarmed Combat | 1 2 |  2.3
Spellcasting   | 1 2 |  2.3
Evocations     | 1 2 |  2.3
Conjurations   | 1 |  1.9
Hexes          | 1 |  1.9
Summonings     | 1 |  1.9
Necromancy     | 1 |  1.9
Translocations | 1 |  1.9
Transmutations | 1 |  1.9
Fire Magic     | 1 |  1.9
Ice Magic      | 1 |  1.9
Air Magic      | 1 |  1.9
Earth Magic    | 1 |  1.9
Poison Magic   | 1 |  1.9
Fighting       | 7 |  7.0
Polearms       | 7 |  7.0
Dodging        | 7 |  7.0
Stealth        | |  4.8

Action                   |  1- 3 |  4- 6 |  7- 9 || total
-------------------------+-------+-------+-------++-------
Melee: Spear             |   110 |    78 |    29 ||   217
       Bite              |     8 |     4 |     3 ||    15
       Short sword       |       |     5 |       ||     5
       Dagger            |       |    14 |     2 ||    16
Invok: Ancestor Life: He |     1 |       |       ||     1
  Use: Scroll            |     5 |     3 |       ||     8
 Stab: Sleeping          |     6 |     8 |     1 ||    15
       Confused          |     1 |     1 |       ||     2
       Distracted        |       |     1 |     1 ||     2
Armor: Ring mail         |    23 |    15 |     1 ||    39
Dodge: Dodged            |    57 |    31 |     4 ||    92
